Unix NetHack Version 5.0.0-0 post-release - last build May  4 2026 22:22:43 (774f63e81ad911689b3a0859ea89b322d5daca8d,branch:main).

Game began 2026-05-06 13:36:18, ended 2026-05-08 13:44:06.

Jeroenix, chaotic male human Rogue

                                                                  --------
                   --------                                       .<.....|
                  #.......|                                       |.....)|
                   |......|                                  #####-......|
                   |......|     ###############              ##   |......|
     -------       |.....[|     #-------------##    ---------#    --------
     |......-      .......|     #|C.........C| #    |........#
     |             ------|-     #|.....C.....| #   #|.......|
                       ####     #|...-----...| #####|.......|
                        ##      #|...|.{.|...|    ##|.......|
                        #       #|..C|{.{|C..|     #|.......|
                        #       #|.....{.|...|     #........|
                        #       #|..(-----...|     #---------
                        #       #|.....C.....|######
                      --.--    ##|C.........C.#
                      |...|##### -------------
                      |..@.#
                      |...|
                      -----

Jeroenix the Cutpurse   St:13 Dx:15 Co:13 In:12 Wi:14 Ch:8  Chaotic
Dlvl:5  $:64 HP:25(37) Pw:16(16) AC:3  Xp:4 T:1966  Burdened

Latest messages:
 The kitten picks up a +0 iron skull cap.
 The kitten drops a +0 iron skull cap.
 The kitten bites the manes.
 The kitten misses the manes.
 The kitten picks up a +0 iron skull cap.
 The kitten misses the manes.
 In what direction? h
 You destroy the manes!
 The kitten misses the manes.
 The kitten drops a +0 iron skull cap.
 The kitten bites the manes.
 The manes is destroyed!
 The kitten picks up a +0 iron skull cap.
 The kitten drops a +0 iron skull cap.
 b - a +0 dagger (at the ready) (5 in total).
 In what direction? j
 The dagger hits the manes.
 In what direction? j
 You destroy the manes!
 The kitten picks up a +0 iron skull cap.
 b - a +0 dagger (at the ready) (4 in total).
 b - a +0 dagger (at the ready) (5 in total).
 The kitten drops a +0 iron skull cap.
 You see here a +0 iron skull cap.
 The kitten picks up a +0 iron skull cap.
 The kitten drops a +0 iron skull cap.
 The kitten misses the sewer rat.
 You hit the sewer rat.
 The sewer rat misses!
 The kitten misses the sewer rat.
 The kitten bites the sewer rat.
 The sewer rat is killed!
 The kitten picks up a +0 iron skull cap.
 The kitten drops a +0 iron skull cap.
 Really step into that spiked pit? [yn] (n) y
 You escape a spiked pit.
 You cannot reach the bottom of the pit.
 There is a spiked pit here.
 Really step into that spiked pit? [yn] (n) y
 You escape a spiked pit.
 Really step into that spiked pit? [yn] (n) y
 You fall into a pit!
 You land on a set of sharp iron spikes!
 The spikes were poisoned!
 You feel weaker!
 You have a little trouble lifting b - 2 +0 daggers (at the ready) (7 in total).
 There is a spiked pit here.
 Your movements are slowed slightly because of your load.
 Really quit without saving? [yn] (n) y
 Do you want your possessions identified? [ynq] (y) q

Inventory:
 Coins    ('$')
  $ - 64 gold pieces
 Weapons  (')')
  A - a +0 sling
  b - 7 +0 daggers (at the ready)
  a - a +0 short sword (weapon in right hand)
 Armor    ('[')
  c - an uncursed +0 orcish helm (being worn)
  v - an uncursed +0 banded mail (being worn)
 Comestibles  ('%')
  o - an uncursed cram ration
  i - an uncursed food ration
  e - an uncursed fortune cookie
 Scrolls  ('?')
  h - an uncursed scroll of confuse monster
  p - an uncursed scroll of genocide
  u - a blessed scroll of identify
  z - an uncursed scroll of remove curse
  j - an uncursed scroll of stinking cloud
 Potions  ('!')
  r - an uncursed potion of confusion
  f - 2 uncursed potions of healing
  q - an uncursed potion of invisibility
  d - an uncursed potion of sickness
 Rings    ('=')
  s - an uncursed ring of fire resistance
 Wands    ('/')
  g - a wand of digging (0:6)
  m - a cursed wand of magic missile (0:7)
 Tools    ('(')
  t - an uncursed sack containing 3 items
  k - an uncursed lock pick
 Gems/Stones  ('*')
  w - an uncursed worthless piece of violet glass
  y - an uncursed worthless piece of yellowish brown glass

Contents of the sack:
  an uncursed bell
  an uncursed worthless piece of yellow glass
  an uncursed worthless piece of yellowish brown glass

Jeroenix the Rogue's attributes:

Background:
 You were a Cutpurse, a level 4 male human Rogue.
 You were chaotic, nominally on a mission for Kos
 who was opposed by Issek (lawful) and Mog (neutral).
 You were right-handed.
 You were in the Dungeons of Doom, on level 5.
 You entered the dungeon 1966 turns ago.
 You had 121 experience points, 39 more were needed to attain level 5.

Basics:
 You had 25 out of 37 hit points.
 You had all 16 energy points (spell power).
 Your armor class was 3.
 Your wallet contained 64 zorkmids.
 Autopickup was on for '$' plus thrown.

Final Characteristics:
 Your strength was 13 (peak:16, limit:18/100).
 Your dexterity was 15 (limit:18).
 Your constitution was 13 (limit:18).
 Your intelligence was 12 (limit:18).
 Your wisdom was 14 (limit:18).
 Your charisma was 8 (limit:18).

Final Status:
 You were trapped in a spiked pit.
 You weren't hungry.
 You were burdened; movement was slightly slowed.
 You were wielding a short sword.
 You had basic skill with short sword.

Final Attributes:
 You were devoutly aligned.
 You were stealthy.
 You were warded.
 You survived.

Miscellaneous:
 You didn't encounter any bones levels.
 Total elapsed playing time was 3 hours, 21 minutes and 12 seconds.

Major events:
 Turn
    1: Jeroenix the chaotic male human Rogue entered the dungeon
 1149: attained the rank of Cutpurse (level 3)
 1966: quit

You didn't know any spells.

Skills:
 Fighting Skills
   bare handed combat [Unskilled]
   two weapon combat  [Unskilled]
   riding             [Unskilled]
 Weapon Skills
   dagger             [Basic]
   knife              [Unskilled]
   short sword        [Basic]
   broadsword         [Unskilled]
   long sword         [Unskilled]
   two-handed sword   [Unskilled]
   saber              [Unskilled]
   club               [Unskilled]
   mace               [Unskilled]
   morning star       [Unskilled]
   flail              [Unskilled]
   hammer             [Unskilled]
   polearms           [Unskilled]
   spear              [Unskilled]
   crossbow           [Unskilled]
   dart               [Unskilled]
   shuriken           [Unskilled]
 Spellcasting Skills
   divination spells  [Unskilled]
   escape spells      [Unskilled]
   matter spells      [Unskilled]

Voluntary challenges:
 Character rerolling was not enabled.
 You were an atheist.
 You were illiterate.
 You never genocided any monsters.
 You never polymorphed an object.
 You never changed form.
 You used no wishes.
Achievements:
 You entered a shop.
 You attained the rank of Cutpurse.

 The Dungeons of Doom: levels 1 to 5
    Level 1:
       A grave.
    Level 2:
       A general store.
    Level 3:
    Level 4:
       A potion shop, some graves.
    Level 5: <- You were here.
       Many fountains.
       Oracle of Delphi.


Vanquished creatures:
  a pony
  a guardian naga hatchling
  a wererat
  a werejackal
  4 manes
  a large kobold
  a giant rat
  2 yellow molds
  2 gnomes
  2 geckos
  4 jackals
  a fox
  a kobold
  5 goblins
  2 sewer rats
  2 grid bugs
  2 lichens
  5 newts
38 creatures vanquished.

No species were genocided or became extinct.

Goodbye Jeroenix the Rogue...

You quit in The Dungeons of Doom on dungeon level 5 with 758 points,
and 64 pieces of gold, after 1966 moves.
You were level 4 with a maximum of 37 hit points when you quit.

